 Dungeon Crawl Stone Soup version 0.30.0-29-ga12c61a403 (webtiles) character file.

Game seed: 16100995054938703095

37 Sabo the Trooper (level 3, 29/29 HPs)
             Began as a Demonspawn Fighter on June 3, 2023.
             Got out of the dungeon alive.
             The game lasted 00:04:48 (1126 turns).

Sabo the Trooper (Demonspawn Fighter)               Turns: 1126, Time: 00:04:49

Health: 29/29      AC:  6    Str: 18    XL:     3   Next: 23%
Magic:  3/3        EV:  9    Int:  9    God:
Gold:   43         SH:  4    Dex: 12    Spells: 2/2 levels left

rFire   . . .        a - +0 war axe
rCold   . . .        c - +0 buckler
rNeg    . . .        b - +0 scale mail
rPois   .            (no helmet)
rElec   .            (no cloak)
rCorr   .            (no gloves)
SInv    .            (no boots)
Will    .....        (no amulet) Stlth
                     (no ring)
HPRegen 0.24/turn    (no ring)
MPRegen 0.16/turn

%: no passive effects
@: no status effects
A: magic regeneration
a: no special abilities


You escaped.
You visited 1 branch of the dungeon, and saw 1 of its levels.

You collected 43 gold pieces.

Inventory:

Hand Weapons
 a - a +0 war axe (weapon)
Armour
 b - a +0 scale mail (worn)
 c - a +0 buckler (worn)
Scrolls
 e - a scroll of noise {unknown}
 f - a scroll of enchant weapon {unknown}
 g - 2 scrolls of poison {unknown}
 i - a scroll of fog {unknown}
Potions
 d - a potion of might
 h - a potion of degeneration {unknown}


   Skills:
 + Level 3.5 Fighting
 + Level 2.2 Axes
 + Level 3.0 Armour
 + Level 3.0 Shields


You had 2 spell levels left.
You didn't know any spells.
Your spell library was empty.

Dungeon Overview and Level Annotations

Branches:
Dungeon (1/15)

Altars:


Innate Abilities, Weirdness & Mutations

You regenerate magic rapidly.


Message History

Found a ring mail.
You see here a +0 ring mail.
You see here a +0 ring mail.
You see here a +0 dagger.
You see here a +0 dagger.
You see here a +0 ring mail.
There is an open door here.
Why would you want to do that?
There is an open door here.
The hobgoblin throws a stone.
The stone hits you. The hobgoblin closely misses you.
You closely miss the hobgoblin.
The hobgoblin hits you but does no damage.
You block the hobgoblin's attack.
You slash the hobgoblin!
You kill the hobgoblin!
Things that are here:
4 stones; a hobgoblin corpse
There is a staircase leading out of the dungeon here.
The hobgoblin barely misses you.
You hit the hobgoblin.
The hobgoblin is almost dead.
The hobgoblin hits you but does no damage. x2
You hit the hobgoblin but do no damage.
The hobgoblin is almost dead.
The hobgoblin hits you.
You slash the hobgoblin!
You kill the hobgoblin!
There is a large open door here.
Things that are here:
6 stones; a hobgoblin corpse
There is a large open door here.
There is a large open door here.
There is a large open door here.
Things that are here:
6 stones; a hobgoblin corpse
There is a staircase leading out of the dungeon here.
You can't go down here!
Are you sure you want to leave the Dungeon?
This will make you lose the game!
You have escaped!

######..#####≈≈≈§≈≈≈#####..## . #
##.### #§≈≈....§§≈§# ###.## # #
#.## #.......§§..# ##.# # ##.#
######'###### #.# # #.######
####8(8#### #####.## #
#.##≈..###.........###...##.# #
#.#≈≈..##...........##....#.# #
#.#≈...#'............#....#.### #
#.'≈..('8.....@..(........'...# #
#.#≈^.(##............#....#.#.# #
#.#≈≈..##...........##....#.#.# #
#.##§..###.........###...##.#.# #
##.##### ###8#8'8### #####.##.# #
#.# ######'###### #.##.# # #.##
#.......)...# ##.##.# # ##.###
#≈≈≈)§§..§≈≈# ###.##..)
######..#####≈≈≈≈≈≈≈#####..##....


There were no monsters in sight!

Vanquished Creatures
  2 bats (D:1)
  A giant cockroach (D:1)
  6 goblins (D:1)
  8 hobgoblins (D:1)
  3 jackals (D:1)
  3 kobolds (D:1)
  3 quokkas (D:1)
  2 frilled lizards (D:1)
  A rat (D:1)
29 creatures vanquished.

Notes
Turn   | Place    | Note
-------+----------+-------------------------------------------
     0 | D:1      | Sabo the Demonspawn Fighter began the quest for the Orb.
     0 | D:1      | Reached XP level 1. HP: 18/18 MP: 1/1
   303 | D:1      | Gained mutation: You regenerate magic rapidly. [demonic
                  | ancestry]
   303 | D:1      | Reached XP level 2. HP: 24/24 MP: 2/2
   652 | D:1      | Reached XP level 3. HP: 28/29 MP: 3/3
  1126 | D:$      | Got out of the dungeon alive.

Illustrated notes

Levels and vault maps discovered:
D:1:      dpeg_arrival_morbid_curiosity, layout_loops_ring, hex_tiny,
          serial_park_tiny_1

Skill      XL: |  1  2 |
---------------+-------+-----
Axes           | 2 |  2.2
Armour         | 3 |  3.0
Shields        | 3 |  3.0
Fighting       | |  3.5

Action                     || total
---------------------------++-------
  Melee: War axe           ||    51
 Armour: Scale mail        ||    36
  Dodge: Dodged            ||    28
  Block: Buckler           ||    20
